| TOP OF THE 1ST |
|
Greenville Spinners batting - Pitching for Sumter Gamecocks : RHP Lance McCullers
|
|
Pitching: RHP Lance McCullers
|
|
|
Batting: RHB Tony Russell
|
0-0: Foul Ball, location: 2F 0-1: Ball 1-1: Ball 2-1: Ground out 3-1 (Groundball, 34, EV 88.1 MPH)
|
|
Batting: LHB Tim Jordan
|
0-0: Reached on error, E4 (Groundball, 4, EV 98.1 MPH)
|
|
Batting: LHB John Edmonds
|
0-0: Ball 1-0: Called Strike 1-1: Fielders Choice at 2nd, 1-6 (Groundball, 34S, EV 65.0 MPH)
|
|
Batting: RHB Ronald Carapezzi
|
0-0: Ball Wild Pitch! John Edmonds to second 1-0: Called Strike 1-1: Ball 2-1: Foul Ball, location: 2F 2-2: Foul Ball, location: 2F 2-2: Ball 3-2: Foul Ball, location: 2F 3-2: Foul Ball, location: 2F 3-2: Foul Ball, location: 2F 3-2: Base on Balls
|
|
Batting: RHB Glenn Robertson
|
0-0: Ball 1-0: Fly out, F9 (Flyball, 89S, EV 82.5 MPH)
|
| Top of the 1st over - 0 runs, 0 hits, 1 error, 2 left on base; Greenville 0 - Sumter 0 |
| BOTTOM OF THE 1ST |
|
Sumter Gamecocks batting - Pitching for Greenville Spinners : RHP Richard Hille
|
|
Pitching: RHP Richard Hille
|
|
|
Batting: SHB John Cangelosi
|
0-0: Ball 1-0: Called Strike 1-1: Ball 2-1: Swinging Strike 2-2: Foul Ball, location: 2F 2-2: Ball 3-2: Strikes out swinging
|
|
Batting: LHB Antonio Tapia
|
0-0: Fly out, F6 (Flyball, 56D, EV 88.8 MPH)
|
|
Batting: RHB Randy Washington
|
0-0: Ball 1-0: Called Strike 1-1: Fly out, F7 (Flyball, 7S, EV 83.1 MPH)
|
| Bottom of the 1st over - 0 runs, 0 hits, 0 errors, 0 left on base; Greenville 0 - Sumter 0 |
| TOP OF THE 2ND |
|
Greenville Spinners batting - Pitching for Sumter Gamecocks : RHP Lance McCullers
|
|
Batting: RHB Michael McEvilly
|
0-0: Called Strike 0-1: Ball 1-1: Ground out 6-3 (Groundball, 6M, EV 102.5 MPH)
|
|
Batting: RHB Darrell Woodard
|
0-0: Ball 1-0: Ball 2-0: Fly out, F9 (Flyball, 9, EV 88.8 MPH)
|
|
Batting: RHB Luis Salazar
|
0-0: Called Strike 0-1: Ball 1-1: Ball 2-1: Fly out, F7 (Flyball, 7S, EV 89.4 MPH)
|
| Top of the 2nd over - 0 runs, 0 hits, 0 errors, 0 left on base; Greenville 0 - Sumter 0 |
| BOTTOM OF THE 2ND |
|
Sumter Gamecocks batting - Pitching for Greenville Spinners : RHP Richard Hille
|
|
Batting: RHB Kelly Gruber
|
0-0: Called Strike 0-1: Called Strike 0-2: Foul Ball, location: 2F 0-2: SINGLE (Groundball, 34D, EV 96.3 MPH)
|
|
Batting: LHB Mark Gerard
|
0-0: Ball Kelly Gruber is caught stealing 2nd base 2-6 1-0: Fly out, F5 (Popup, 5S, EV 71.9 MPH)
|
|
Batting: RHB Vaughn Calloway
|
0-0: Called Strike 0-1: Fly out, F8 (Line Drive, 8LM, EV 93.8 MPH)
|
| Bottom of the 2nd over - 0 runs, 1 hit, 0 errors, 0 left on base; Greenville 0 - Sumter 0 |
| TOP OF THE 3RD |
|
Greenville Spinners batting - Pitching for Sumter Gamecocks : RHP Lance McCullers
|
|
Batting: LHB Russell Getter
|
0-0: Fly out, F8 (Flyball, 8RS, EV 71.9 MPH)
|
|
Batting: RHB Tony Russell
|
0-0: Ball 1-0: Ground out 4-3 (Groundball, 4, EV 86.3 MPH)
|
|
Batting: LHB Tim Jordan
|
0-0: Foul Ball, location: 2F 0-1: SINGLE (Line Drive, 3L, EV 106.3 MPH)
|
|
Batting: LHB John Edmonds
|
0-0: Ball 1-0: SINGLE (Groundball, 6S, EV 70.0 MPH) (infield hit) Tim Jordan to second
|
|
Batting: RHB Ronald Carapezzi
|
0-0: Ball 1-0: Called Strike 1-1: Swinging Strike 1-2: Ball 2-2: SINGLE (Groundball, 6MD, EV 103.8 MPH) Tim Jordan to third John Edmonds to second Runner from 3rd tries for Home, SAFE, throw by CF to home
|
|
Batting: RHB Glenn Robertson
|
0-0: Ball 1-0: Fly out, F9 (Flyball, 89S, EV 86.9 MPH)
|
| Top of the 3rd over - 1 run, 3 hits, 0 errors, 2 left on base; Greenville 1 - Sumter 0 |
| BOTTOM OF THE 3RD |
|
Sumter Gamecocks batting - Pitching for Greenville Spinners : RHP Richard Hille
|
|
Batting: RHB Jerry Hidalgo
|
0-0: Foul Ball, location: 2F 0-1: Ball 1-1: Ball 2-1: Ball 3-1: Called Strike 3-2: SINGLE (Groundball, 56D, EV 105.0 MPH)
|
|
Batting: LHB Rick Siriano
|
0-0: Ball 1-0: Called Strike 1-1: Called Strike 1-2: Foul Ball, location: 2F 1-2: Ball 2-2: Fielders Choice at 2nd, 5-4 (Groundball, 25, EV 89.4 MPH)
|
|
Batting: RHB Juan Hernandez
|
0-0: Ball 1-0: Ball 2-0: Ball Rick Siriano steals 2nd base 3-0: Hit by Pitch
|
|
Pinch Runner at 1st Timothy Thiessen:
|
|
|
Batting: SHB John Cangelosi
|
0-0: Ball 1-0: Foul Ball, location: 2F 1-1: Grounds into double play, 6-4-3 (Groundball, 6, EV 105.6 MPH)
|
| Bottom of the 3rd over - 0 runs, 1 hit, 0 errors, 1 left on base; Greenville 1 - Sumter 0 |
| TOP OF THE 4TH |
|
Greenville Spinners batting - Pitching for Sumter Gamecocks : RHP Lance McCullers
|
|
Now at SS: Timothy Thiessen
|
|
|
Batting: RHB Michael McEvilly
|
0-0: Ground out 4-3 (Groundball, 4S, EV 85.0 MPH)
|
|
Batting: RHB Darrell Woodard
|
0-0: Called Strike 0-1: DOUBLE (Line Drive, 9LS, EV 96.3 MPH)
|
|
Batting: RHB Luis Salazar
|
0-0: Ball 1-0: Ground out 4-3 (Groundball, 4S, EV 70.0 MPH) Darrell Woodard to third
|
|
Batting: LHB Russell Getter
|
0-0: Foul Ball, location: 2F 0-1: Foul Ball, location: 2F 0-2: Strikes out swinging
|
| Top of the 4th over - 0 runs, 1 hit, 0 errors, 1 left on base; Greenville 1 - Sumter 0 |
| BOTTOM OF THE 4TH |
|
Sumter Gamecocks batting - Pitching for Greenville Spinners : RHP Richard Hille
|
|
Batting: LHB Antonio Tapia
|
0-0: Ball 1-0: Foul Ball, location: 2F 1-1: Swinging Strike 1-2: SINGLE (Groundball, 6MD, EV 100.6 MPH)
|
|
Batting: RHB Randy Washington
|
0-0: Called Strike 0-1: Called Strike 0-2: Fly out, F7 (Flyball, 7, EV 96.3 MPH)
|
|
Batting: RHB Kelly Gruber
|
0-0: Fielders Choice at 2nd, 6-4 (Groundball, 6, EV 101.3 MPH)
|
|
Batting: LHB Mark Gerard
|
0-0: Ball 1-0: Ball 2-0: SINGLE (Line Drive, 78S, EV 106.3 MPH) Kelly Gruber to second
|
|
Batting: RHB Vaughn Calloway
|
0-0: Called Strike 0-1: Ball 1-1: Fielders Choice at 2nd, 5-4 (Groundball, 5, EV 78.8 MPH)
|
| Bottom of the 4th over - 0 runs, 2 hits, 0 errors, 2 left on base; Greenville 1 - Sumter 0 |
| TOP OF THE 5TH |
|
Greenville Spinners batting - Pitching for Sumter Gamecocks : RHP Lance McCullers
|
|
Batting: RHB Tony Russell
|
0-0: Called Strike 0-1: Ball 1-1: Called Strike 1-2: Ground out 3-1 (Groundball, 34S, EV 90.0 MPH)
|
|
Batting: LHB Tim Jordan
|
0-0: Ball 1-0: Reached via error on a dropped throw from 1B, E1 (Groundball, 34S, EV 83.1 MPH)
|
|
Batting: LHB John Edmonds
|
0-0: Ball Tim Jordan steals 2nd base 1-0: Called Strike 1-1: Ball 2-1: Swinging Strike 2-2: SINGLE (Groundball, 6M, EV 97.5 MPH) Tim Jordan to third Runner from 3rd tries for Home, throw by CF and OUT! 8-2 John Edmonds to second
|
|
Batting: RHB Ronald Carapezzi
|
0-0: Ball 1-0: Called Strike 1-1: Ball 2-1: DOUBLE (Flyball, 8LXD, EV 105.0 MPH) John Edmonds scores
|
|
Batting: RHB Glenn Robertson
|
0-0: Ball 1-0: Ball 2-0: Fly out, F8 (Flyball, 78D, EV 88.8 MPH)
|
| Top of the 5th over - 1 run, 2 hits, 1 error, 1 left on base; Greenville 2 - Sumter 0 |
| BOTTOM OF THE 5TH |
|
Sumter Gamecocks batting - Pitching for Greenville Spinners : RHP Richard Hille
|
|
Batting: RHB Jerry Hidalgo
|
0-0: Ball 1-0: Called Strike 1-1: Called Strike 1-2: Fly out, F6 (Popup, 6MS, EV 63.8 MPH)
|
|
Batting: LHB Rick Siriano
|
0-0: Ball 1-0: Called Strike 1-1: Ball 2-1: Ball 3-1: Base on Balls
|
|
Batting: RHB Timothy Thiessen
|
0-0: Called Strike 0-1: Ball 1-1: Ball 2-1: Fly out, F9 (Line Drive, 9D, EV 96.9 MPH)
|
|
Batting: SHB John Cangelosi
|
0-0: Ball 1-0: Fly out, F7 (Line Drive, 7, EV 97.5 MPH)
|
| Bottom of the 5th over - 0 runs, 0 hits, 0 errors, 1 left on base; Greenville 2 - Sumter 0 |
| TOP OF THE 6TH |
|
Greenville Spinners batting - Pitching for Sumter Gamecocks : RHP Lance McCullers
|
|
Batting: RHB Michael McEvilly
|
0-0: Foul Ball, location: 2F 0-1: Ball 1-1: Fly out, F6 (Popup, 5D, EV 68.1 MPH)
|
|
Batting: RHB Darrell Woodard
|
0-0: Ball 1-0: Foul Ball, location: 2F 1-1: Ground out U3 (Groundball, 34S, EV 94.4 MPH)
|
|
Batting: RHB Luis Salazar
|
0-0: Foul Ball, location: 2F 0-1: Foul Ball, location: 2F 0-2: Ground out 6-3 (Groundball, 6, EV 103.1 MPH)
|
| Top of the 6th over - 0 runs, 0 hits, 0 errors, 0 left on base; Greenville 2 - Sumter 0 |
| BOTTOM OF THE 6TH |
|
Sumter Gamecocks batting - Pitching for Greenville Spinners : RHP Richard Hille
|
|
Batting: LHB Antonio Tapia
|
0-0: Swinging Strike 0-1: Called Strike 0-2: Ball 1-2: Ball 2-2: Foul Ball, location: 2F 2-2: Ball 3-2: Foul Ball, location: 2F 3-2: Foul Ball, location: 2F 3-2: Base on Balls
|
|
Batting: RHB Randy Washington
|
0-0: Ball 1-0: Fly out, F8 (Flyball, 8LD, EV 93.8 MPH)
|
|
Batting: RHB Kelly Gruber
|
0-0: Called Strike 0-1: Grounds into double play, 1-6-3 (Groundball, 34S, EV 75.6 MPH)
|
| Bottom of the 6th over - 0 runs, 0 hits, 0 errors, 0 left on base; Greenville 2 - Sumter 0 |
| TOP OF THE 7TH |
|
Greenville Spinners batting - Pitching for Sumter Gamecocks : RHP Lance McCullers
|
|
Batting: LHB Russell Getter
|
0-0: Ball 1-0: Foul Ball, location: 2F 1-1: DOUBLE (Line Drive, 78D, EV 111.9 MPH)
|
|
Batting: RHB Tony Russell
|
0-0: Ball 1-0: Foul Ball, location: 2F 1-1: Foul Ball, location: 2F 1-2: Foul Ball, location: 2F 1-2: Ball 2-2: Ball 3-2: Base on Balls
|
|
Batting: LHB Tim Jordan
|
0-0: Fly out, F9 (Flyball, 89M, EV 93.1 MPH)
|
|
Batting: LHB John Edmonds
|
0-0: Ball 1-0: Ball 2-0: Ball 3-0: Called Strike 3-1: Grounds into double play, 6-4-3 (Groundball, 6, EV 78.8 MPH)
|
| Top of the 7th over - 0 runs, 1 hit, 0 errors, 1 left on base; Greenville 2 - Sumter 0 |
| BOTTOM OF THE 7TH |
|
Sumter Gamecocks batting - Pitching for Greenville Spinners : RHP Richard Hille
|
|
Batting: LHB Mark Gerard
|
0-0: Ball 1-0: Ball 2-0: Ball 3-0: Called Strike 3-1: Base on Balls
|
|
Batting: RHB Vaughn Calloway
|
0-0: Ball 1-0: Ball 2-0: Called Strike 2-1: Swinging Strike 2-2: Fly out, F5 (Popup, 5SF, EV 76.3 MPH)
|
|
Batting: RHB Jerry Hidalgo
|
0-0: Ball 1-0: Ball 2-0: Called Strike 2-1: Ball 3-1: DOUBLE (Groundball, 3L, EV 104.4 MPH) Mark Gerard to third Runner from 3rd tries for Home, SAFE, no throw by RF
|
|
Batting: LHB Rick Siriano
|
0-0: Ball 1-0: Ground out U3 (Groundball, 34S, EV 66.9 MPH) Jerry Hidalgo to third
|
|
Batting: RHB Timothy Thiessen
|
0-0: Swinging Strike 0-1: Foul Ball, location: 2F 0-2: Strikes out looking
|
| Bottom of the 7th over - 1 run, 1 hit, 0 errors, 1 left on base; Greenville 2 - Sumter 1 |
| TOP OF THE 8TH |
|
Greenville Spinners batting - Pitching for Sumter Gamecocks : RHP Lance McCullers
|
|
Batting: RHB Ronald Carapezzi
|
0-0: Ball 1-0: Swinging Strike 1-1: SINGLE (Line Drive, 6MD, EV 103.1 MPH)
|
|
Batting: RHB Glenn Robertson
|
0-0: Ball 1-0: Reached on error, E5 (Groundball, 56, EV 109.4 MPH) Ronald Carapezzi to second
|
|
Batting: RHB Michael McEvilly
|
0-0: Ball 1-0: Ball 2-0: Foul Ball, location: 2F 2-1: Fly out, F9 (Flyball, 9D, EV 83.8 MPH)
|
|
Batting: RHB Darrell Woodard
|
0-0: Called Strike 0-1: SINGLE (Line Drive, 6MD, EV 105.0 MPH) Ronald Carapezzi to third Glenn Robertson to second
|
|
Batting: RHB Luis Salazar
|
0-0: Ball 1-0: Called Strike 1-1: Foul Ball, location: 2F 1-2: Strikes out swinging
|
|
Batting: LHB Russell Getter
|
0-0: SINGLE (Line Drive, 6D, EV 104.4 MPH) Ronald Carapezzi scores Glenn Robertson to third Darrell Woodard to second Runner from 3rd tries for Home, SAFE, throw by CF to home
|
|
Batting: RHB Tony Russell
|
0-0: Ball 1-0: Ball 2-0: Foul Ball, location: 2F 2-1: Fly out, F8 (Flyball, 8RD, EV 84.4 MPH)
|
| Top of the 8th over - 2 runs, 3 hits, 1 error, 2 left on base; Greenville 4 - Sumter 1 |
| BOTTOM OF THE 8TH |
|
Sumter Gamecocks batting - Pitching for Greenville Spinners : RHP Richard Hille
|
|
Batting: SHB John Cangelosi
|
0-0: Ball 1-0: Called Strike 1-1: Ground out 6-3 (Groundball, 6, EV 78.8 MPH)
|
|
Batting: LHB Antonio Tapia
|
0-0: Ball 1-0: Ball 2-0: Fly out, F6 (Popup, 4M, EV 58.1 MPH)
|
|
Batting: RHB Randy Washington
|
0-0: SINGLE (Flyball, 9S, EV 90.6 MPH)
|
|
Batting: RHB Kelly Gruber
|
0-0: Fly out, F8 (Line Drive, 8RD, EV 93.1 MPH)
|
| Bottom of the 8th over - 0 runs, 1 hit, 0 errors, 1 left on base; Greenville 4 - Sumter 1 |
| TOP OF THE 9TH |
|
Greenville Spinners batting - Pitching for Sumter Gamecocks : RHP Lance McCullers
|
|
Batting: LHB Tim Jordan
|
0-0: Ball 1-0: Called Strike 1-1: Called Strike 1-2: Ball 2-2: Ball 3-2: Strikes out swinging passed ball, reaches first!
|
|
Batting: LHB John Edmonds
|
0-0: Ball 1-0: Swinging Strike 1-1: Called Strike 1-2: Ball 2-2: Foul Ball, location: 2F 2-2: Fly out, F7 (Flyball, 78D, EV 101.3 MPH)
|
|
Batting: RHB Ronald Carapezzi
|
0-0: Called Strike Tim Jordan steals 2nd base 0-1: Foul Ball, location: 2F 0-2: Ball 1-2: Ball 2-2: Foul Ball, location: 2F 2-2: Ball 3-2: Fly out, F5 (Popup, 5, EV 59.4 MPH)
|
|
Batting: RHB Glenn Robertson
|
0-0: Ball 1-0: Fly out, F9 (Flyball, 9LS, EV 80.6 MPH)
|
| Top of the 9th over - 0 runs, 0 hits, 0 errors, 1 left on base; Greenville 4 - Sumter 1 |
| BOTTOM OF THE 9TH |
|
Sumter Gamecocks batting - Pitching for Greenville Spinners : RHP Richard Hille
|
|
Batting: LHB Mark Gerard
|
0-0: Foul Ball, location: 2F 0-1: Ground out 5-3 (Groundball, 56, EV 76.3 MPH)
|
|
Batting: RHB Vaughn Calloway
|
0-0: Swinging Strike 0-1: Ball 1-1: Ball 2-1: Ball 3-1: Ground out 3-1 (Groundball, 34, EV 84.4 MPH)
|
|
Batting: RHB Jerry Hidalgo
|
0-0: Called Strike 0-1: Ball 1-1: Ball 2-1: Called Strike 2-2: Ball 3-2: Ground out 5-3 (Groundball, 56, EV 89.4 MPH)
|
| Bottom of the 9th over - 0 runs, 0 hits, 0 errors, 0 left on base; Greenville 4 - Sumter 1 |
|